 Dungeon Crawl Stone Soup version 0.31.0-1-g2c135a008e (webtiles) character file.

Game seed: 14246836781414600395

27087 qw the Skirmisher (level 13, -1/96 HPs)
             Began as a Djinni Hunter on Jan 23, 2024.
             Was a High Priest of Okawaru.
             Slain by a hell rat (11 damage)
             ... on level 4 of the Lair of Beasts.
             The game lasted 00:01:30 (16431 turns).

qw the Skirmisher (Djinni Hunter)                  Turns: 16431, Time: 00:01:30

Health: -1/96      AC:  8    Str:  9    XL:     13   Next: 63%
Gold:   472        EV: 24    Int:  9    God:    Okawaru [*****.] SH:  0 Dex: 27

rFire   + + +        k - +6 arbalest (heavy)
rCold   . . .        (shield currently unavailable)
rNeg    . . .        j - +2 robe {Will+}
rPois   inf          f - +0 helmet
rElec   .            r - +0 cloak
rCorr   .            g - +2 pair of gloves
SInv    +            (boots unavailable)
Will    ++...        o - amulet of faith
Stlth   ++           d - ring of see invisible
HPRegen 0.36/turn    t - ring of protection from cold
MPRegen 0.00/turn

%: faith, infuse magic (-2 HP)
@: flying
A: sickness immunity, fire resistance 3, cold vulnerability 1, float, innate
caster, HP casting, extra vitality 1, agile 1, deformed body
a: Renounce Religion, Heroism, Finesse, Duel


You were on level 4 of the Lair of Beasts.
You worshipped Okawaru.
Okawaru was extremely pleased with you.
You visited 3 branches of the dungeon, and saw 16 of its levels.
You also visited: Ossuary.

You collected 872 gold pieces.
You spent 400 gold pieces at shops.


Innate Abilities, Weirdness & Mutations

You are immune to sickness and miasma.
You are immune to poison.
Your flesh is almost immune to the effects of heat. (rF+++)
You are vulnerable to cold. (rC-)
You float through the air rather than walking.
You learn spells naturally, not from books.
Your magical power is your life essence.
You have superior vitality. (+4 MHP)
You are agile. (Dex +4, Str/Int -1)
Armour fits poorly on your strangely shaped body.


   Skills:
 + Level 9.9 Fighting
 - Level 12.0 Ranged Weapons
 - Level 3.0 Armour
 - Level 12.0 Dodging
 - Level 0.7 Stealth
 - Level 10.0 Invocations


You knew the following spells:

 Your Spells              Type           Power      Damage    Failure   Level
a - Freeze                Ice            0%         1d3       38%         1
b - Scorch                Fire           0%         2d5       52%         2
c - Lesser Beckoning      Tloc           0%         N/A       52%         2
d - Dispel Undead         Necr           0%         3d6       99%         4
e - Flame Wave            Conj/Fire      0%         2d4       99%         4
f - Irradiate             Conj/Alch      0%         3d11      100%        5
Your spell library was empty.

Inventory:

Hand Weapons
 k - a +6 heavy arbalest (weapon)
Armour
 f - a +0 helmet (worn)
 g - a +2 pair of gloves (worn)
 j - a +2 robe of willpower (worn)
 n - +0 acid dragon scales
 r - a +0 cloak (worn)
 u - a +1 robe of fire resistance
Jewellery
 a - an amulet of reflection
 d - a ring of see invisible (left hand)
 o - an amulet of faith (around neck)
 t - a ring of protection from cold (right hand)
 v - a ring of protection from fire
 Y - a ring of willpower
Wands
 q - a wand of digging (9)
 s - a wand of roots (8)
Scrolls
 m - a scroll of identify
Potions
 b - a potion of cancellation
 c - 5 potions of curing
 e - 2 potions of enlightenment
 h - 3 potions of might
 i - 7 potions of haste
 l - 2 potions of resistance
 p - 2 potions of mutation

Dungeon Overview and Level Annotations

Branches:
Dungeon (11/15)            Temple (1/1) D:6            Lair (4/5) D:11
  Swamp (0/4) Lair:3       Spider (0/4) Lair:3      Ossuary (visited)
  Slime: Lair:4-5       Orc: D:9-12

Altars:
Ashenzari
Cheibriados
Dithmenos
Elyvilon
Fedhas
Gozag
Hepliaklqana
Makhleb
Nemelex Xobeh
Okawaru
Qazlal
Ru
Trog
Uskayaw
Wu Jian
Xom
Yredelemnul
Zin
The Shining One

Shops:
D:9 =   D:11 =

Annotations:
D:9 2 transporters
Lair:3 2 transporters


Message History

16425 ||| RETREEEEATING.
You shoot a bolt. The bolt hits the fungus!!
The fungus is heavily damaged.
A nearby fungus withers and dies.
The hell rat bites you!
The hell rat completely misses you. x4; The hell rat closely misses you.
The hell rat misses you. The hell rat bites you.
The hell rat closely misses you. The hell rat completely misses you.
The hell rat misses you. x3; The hell rat closely misses you.
The hell rat bites you! The hell rat barely misses you.
The hell rat misses you.
16426 ||| RETREEEEATING.
The hell rat misses you. The hell rat barely misses you. x2
You shoot a bolt. The bolt hits the hell rat!
You kill the hell rat!
Okawaru accepts your kill. The hell rat barely misses you.
The hell rat completely misses you. The hell rat barely misses you.
The hell rat bites you. The hell rat misses you.
The hell rat closely misses you. The hell rat misses you.
You shoot a bolt. The bolt hits the hell rat!
You kill the hell rat!
Okawaru accepts your kill.
The hell rat misses you. x6; The hell rat completely misses you. x2
The hell rat closely misses you. x2; The hell rat misses you.
You shoot a bolt. The bolt closely misses the hell rat.
The hell rat closely misses you. The hell rat barely misses you. x2
The hell rat bites you. The hell rat completely misses you.
The hell rat closely misses you. The hell rat completely misses you.
The hell rat closely misses you.
You shoot a bolt. The bolt hits the hell rat!
The hell rat is heavily wounded.
The hell rat closely misses you. The hell rat misses you.
The hell rat completely misses you. The hell rat barely misses you.
The hell rat misses you. x2; The hell rat closely misses you.
The hell rat misses you.
You shoot a bolt. The bolt hits the hell rat!!!
You kill the hell rat!
Okawaru accepts your kill. The hell rat completely misses you.
The hell rat bites you but does no damage.
The hell rat misses you. The hell rat completely misses you.
The hell rat bites you!
You die...

# #### ### ### ##
#.##r@###P###P##
#..#.#.rr.........#
#...+...........## ###
#.%.%...[........####.#
.....#.#...........##.....
...#..##....(.......#.....
. #..##..................
#. #...)........##..... P.
##...........#P.....


You could see 3 hell rats.

Vanquished Creatures
  A catoblepas (Lair:1)
  3 hydras
  A two-headed ogre (D:10)
  3 death yaks (Lair:3)
  A lindwurm (Lair:4)
  An ugly thing (D:11)
  Maurice (D:9)
  A manticore (D:11)
  2 black mambas
  A torpor snail (Lair:1)
  A gargoyle (D:11)
  3 cane toads
  Jeremiah (D:9)
  2 rime drakes
  5 komodo dragons
  11 blink frogs
  A culicivora (Lair:3)
  A jumping spider (Lair:3)
  A shadow (D:11)
  4 wraiths
  29 yaks
  3 basilisks
  4 wyverns
  A fire bat (D:5)
  A steam dragon (D:7)
  2 swamp worms (Lair:3)
  2 acid dragons
  9 water moccasins
  3 orc warriors
  2 ice beasts (D:5)
  A sky beast (D:5)
  9 wolves
  An ogre (D:4)
  5 centaurs
  3 kobold brigands
  Blork the orc (D:6)
  14 bullfrogs
  A gnoll sergeant (D:7)
  10 scorpions
  14 wights
  23 killer bees
  2 howler monkeys
  6 electric eels
  A bombardier beetle (D:5)
  3 jellies
  3 centaur zombies (Ossuary)
  3 hounds
  A human zombie (Ossuary)
  2 orc priests
  4 iguanas
  2 sleepcaps
  4 hell rats (Lair:4)
  A scorpion zombie (Ossuary)
  An orc wizard (D:5)
  Terence (D:3)
  3 mummies (Ossuary)
  7 gnolls
  5 adders
  3 river rats (D:5)
  A white imp (D:5)
  2 adder zombies (Ossuary)
  2 ribbon worms (D:3)
  5 dart slugs
  19 orcs
  9 ball pythons
  6 bats
  5 endoplasms
  7 giant cockroaches
  4 gnoll zombies (Ossuary)
  9 goblins
  7 hobgoblins
  2 quokkas
  A ball python zombie (Ossuary)
  4 frilled lizards
  A jackal zombie (Ossuary)
  17 kobolds
  2 orc zombies (Ossuary)
  12 rats
350 creatures vanquished.

Notes
Turn   | Place    | Note
-------+----------+-------------------------------------------
     0 | D:1      | qw the Djinni Hunter began the quest for the Orb.
     0 | D:1      | Reached XP level 1. HP: 18/18 MP: 0/0
     0 | D:1      | 0 ||| qw: Version: 0.3-a-136-gdd3b4e8
     0 | D:1      | 0 ||| qw: Game counter: 1029
     0 | D:1      | 0 ||| qw: Melee chars always use a shield: true
     0 | D:1      | 0 ||| qw: God list: Okawaru
     0 | D:1      | 0 ||| qw: Allow faded altars: false
     0 | D:1      | 0 ||| qw: Do Orc after clearing Dungeon:15 true
     0 | D:1      | 0 ||| qw: Do second Lair branch before Depths: true
     0 | D:1      | 0 ||| qw: Lair rune preference: random
     0 | D:1      | 0 ||| qw: Goals: Normal
     0 | D:1      | 0 ||| PLANNING D:1-11
   175 | D:1      | Reached XP level 2. HP: 23/23 MP: 0/0
   313 | D:1      | You are sucked into a shaft and drop 1 floor!
   317 | D:2      | 317 ||| UPGRADING to +0 ring mail.
   327 | D:2      | Reached XP level 3. HP: 22/28 MP: 0/0
   327 | D:2      | Learned a level 1 spell: Freeze
   351 | D:2      | 351 ||| UPGRADING to +0 leather armour.
   356 | D:2      | 356 ||| UPGRADING to +0 ring mail.
   366 | D:2      | 366 ||| DROPPING +0 leather armour.
   367 | D:2      | 367 ||| UPGRADING to +0 helmet.
   372 | D:2      | 372 ||| UPGRADING to +0 pair of gloves.
   403 | D:2      | Reached skill level 1 in Armour
   423 | D:2      | 423 ||| READING scroll labelled UMMOESICAT.
   424 | D:2      | 424 ||| READING 2 scrolls labelled PAOTUC NARO.
   424 | D:2      | 424 ||| IDENTIFYING dark potion
   425 | D:2      | 425 ||| READING scroll of identify.
   425 | D:2      | 425 ||| IDENTIFYING yellow potion
   426 | D:2      | 426 ||| DROPPING scroll of butterflies.
   427 | D:2      | 427 ||| DROPPING potion of attraction.
   435 | D:2      | 435 ||| STAIRDANCE
   678 | D:2      | 678 ||| STAIRDANCE
   684 | D:2      | Reached XP level 4. HP: 34/34 MP: 0/0
   704 | D:2      | 704 ||| RETREEEEATING.
   705 | D:2      | 705 ||| RETREEEEATING.
   708 | D:2      | 708 ||| RETREEEEATING.
   723 | D:2      | Reached skill level 3 in Fighting
  1066 | D:2      | Reached XP level 5. HP: 40/40 MP: 0/0
  1066 | D:2      | Learned a level 2 spell: Scorch
  1425 | D:2      | 1425 ||| READING 2 scrolls of identify.
  1425 | D:2      | 1425 ||| IDENTIFYING silvery potion
  1426 | D:2      | 1426 ||| READING scroll of identify.
  1426 | D:2      | 1426 ||| IDENTIFYING scroll labelled ZOZY ROAQEVOOFU
  1427 | D:2      | 1427 ||| DROPPING scroll of torment.
  1428 | D:2      | 1428 ||| DROPPING potion of brilliance.
  1444 | D:3      | 1444 ||| STAIRDANCE
  1475 | D:3      | 1475 ||| STAIRDANCE
  1748 | D:3      | Noticed Terence
  1758 | D:3      | Killed Terence
  1856 | D:3      | Reached XP level 6. HP: 36/46 MP: 0/0
  2158 | D:3      | Found a broken altar of Ashenzari.
  2420 | D:3      | 2420 ||| UPGRADING to ring of protection from fire.
  2421 | D:3      | 2421 ||| READING 2 scrolls of identify.
  2421 | D:3      | 2421 ||| IDENTIFYING coppery potion
  2422 | D:3      | 2422 ||| READING scroll of identify.
  2422 | D:3      | 2422 ||| IDENTIFYING viscous golden potion
  2423 | D:3      | 2423 ||| READING scroll labelled OMYQOLLETO.
  2428 | D:3      | 2428 ||| DROPPING potion of ambrosia.
  2487 | D:4      | Noticed an ogre
  2495 | D:4      | Killed an ogre
  2496 | D:4      | Reached skill level 3 in Dodging
  2608 | D:4      | Reached XP level 7. HP: 50/50 MP: 0/0
  2608 | D:4      | Learned a level 2 spell: Lesser Beckoning
  2838 | D:4      | HP: 12/50 [orc/+0 hand axe (3)]
  2839 | D:4      | 2839 ||| READING scroll of teleportation.
  2846 | D:4      | 2846 ||| FLEEEEING.
  2850 | D:4      | 2850 ||| FLEEEEING.
  2853 | D:4      | 2853 ||| FLEEEEING.
  3149 | D:4      | 3149 ||| READING scroll of identify.
  3149 | D:4      | 3149 ||| IDENTIFYING inky potion
  3150 | D:4      | 3150 ||| READING scroll labelled FEMUEB EXIKARI.
  3275 | D:5      | Entered Level 5 of the Dungeon
  3276 | D:5      | 3276 ||| PLANNING SEWER
  3714 | D:5      | Reached skill level 6 in Ranged Weapons
  3714 | D:5      | Reached XP level 8. HP: 47/58 MP: 0/0
  4047 | D:5      | 4047 ||| RIP SEWER
  4192 | D:5      | 4192 ||| PLANNING D:1-11
  4428 | D:5      | Found a shimmering altar of Xom.
  4428 | D:5      | Noticed a fire bat
  4447 | D:5      | Killed a fire bat
  4729 | D:5      | 4729 ||| UPGRADING to +2 robe of willpower.
  4739 | D:5      | 4739 ||| DROPPING +0 ring mail.
  4740 | D:5      | 4740 ||| DRINKING 2 sedimented green potions.
  4772 | D:6      | Found a snail-covered altar of Cheibriados.
  4773 | D:6      | 4773 ||| PLANNING OSSUARY
  4958 | D:6      | Found a shadowy altar of Dithmenos.
  5050 | D:6      | Found a blossoming altar of Fedhas.
  5067 | D:6      | HP: 12/59 [iguana (4)]
  5068 | D:6      | 5068 ||| DRINKING potion of heal wounds.
  5186 | D:6      | Found a hide-covered altar of Uskayaw.
  5272 | D:6      | Reached XP level 9. HP: 63/65 MP: 0/0
  5272 | D:6      | Learned a level 4 spell: Dispel Undead
  5341 | D:6      | Found a staircase to the Ecumenical Temple.
  5360 | D:6      | Reached skill level 6 in Dodging
  5386 | D:6      | Found a sand-covered staircase.
  5387 | D:6      | 5387 ||| DRINKING 2 puce potions.
  5388 | D:6      | 5388 ||| DROPPING potion of degeneration.
  5395 | Ossuary  | Entered an ossuary
  5946 | Ossuary  | 5946 ||| READING scroll labelled BAELOQ SESO.
  5975 | Ossuary  | 5975 ||| READING scroll labelled BIOMAI KAMURCHA.
  5976 | Ossuary  | 5976 ||| READING scroll labelled YRIABA OTIARHO.
  5977 | Ossuary  | 5977 ||| READING scroll labelled BIDWASUMIS.
  5978 | Ossuary  | 5978 ||| DRINKING 2 murky purple potions.
  6031 | D:6      | 6031 ||| PLANNING TEMPLE
  6057 | Temple   | Entered the Ecumenical Temple
  6058 | Temple   | 6058 ||| PLANNING D:1-11
  6131 | D:6      | Noticed Blork the orc
  6149 | D:6      | Killed Blork the orc
  6150 | D:6      | Reached skill level 6 in Fighting
  6408 | D:7      | 6408 ||| STAIRDANCE
  6450 | D:7      | 6450 ||| STAIRDANCE
  6743 | D:7      | Reached skill level 9 in Ranged Weapons
  6757 | D:7      | Reached XP level 10. HP: 54/72 MP: 0/0
  6836 | D:7      | 6836 ||| SWAPPING to +0 orcbow.
  6859 | D:7      | HP: 14/72 [killer bee (6)]
  6860 | D:7      | 6860 ||| READING scroll of teleportation.
  6861 | D:7      | 6861 ||| DRINKING potion of heal wounds.
  7015 | D:7      | 7015 ||| DROPPING +0 shortbow.
  7096 | D:7      | HP: 17/72 [gnoll/+0 halberd[a gnoll sergeant] (8)]
  7271 | D:7      | Found an iron altar of Okawaru.
  7272 | D:7      | 7272 ||| PLANNING OKAWARU WORSHIP
  7272 | D:7      | 7272 ||| UPGRADING to amulet of reflection.
  7277 | D:7      | 7277 ||| READING scroll labelled SUBEKKA TOMOTAI.
  7277 | D:7      | 7277 ||| BRANDING +0 orcbow.
  7285 | D:7      | Became a worshipper of Warmaster Okawaru
  7286 | D:7      | 7286 ||| PLANNING D:1-11
  7654 | D:7      | Found an ornate altar of the Wu Jian Council.
  7655 | D:7      | Found a hazy altar of Hepliaklqana.
  7839 | D:7      | Found a sparkling altar of Nemelex Xobeh.
  8000 | D:7      | 8000 ||| READING scroll of identify.
  8000 | D:7      | 8000 ||| IDENTIFYING murky cyan potion
  8001 | D:7      | 8001 ||| READING scroll labelled GUITUTODUPP.
  8001 | D:7      | 8001 ||| ENCHANTING +0 orcbow of electrocution.
  8104 | D:8      | Found a stormy altar of Qazlal.
  8175 | D:8      | 8175 ||| READING scroll of enchant weapon.
  8175 | D:8      | 8175 ||| ENCHANTING +1 orcbow of electrocution.
  8253 | D:8      | Reached * piety under Okawaru
  8256 | D:8      | 8256 ||| FLEEEEING.
  8294 | D:8      | Reached skill level 1 in Invocations
  8308 | D:8      | 8308 ||| FLEEEEING.
  8309 | D:8      | 8309 ||| STAIRDANCE
  8861 | D:8      | 8861 ||| FLEEEEING.
  9086 | D:8      | 9086 ||| READING scroll of enchant weapon.
  9086 | D:8      | 9086 ||| ENCHANTING +2 orcbow of electrocution.
  9218 | D:8      | 9218 ||| READING scroll labelled JERUETT NUNITU.
  9218 | D:8      | Identified a scroll of acquirement
  9218 | D:8      | 9218 ||| ACQUIRING +5 heavy arbalest
  9218 | D:8      | Acquired a +5 heavy arbalest
  9220 | D:8      | 9220 ||| SWAPPING to +5 heavy arbalest.
  9221 | D:8      | 9221 ||| DROPPING +3 orcbow of electrocution.
  9287 | D:9      | Reached ** piety under Okawaru
  9295 | D:9      | Reached skill level 3 in Invocations
  9334 | D:9      | Found a transporter.
  9337 | D:9      | Found a transporter.
  9388 | D:9      | Found a basalt altar of Yredelemnul.
  9392 | D:9      | Noticed a death knight
  9408 | D:9      | Noticed a skeletal warrior
  9613 | D:9      | Noticed Maurice
  9614 | D:9      | Reached XP level 11. HP: 63/79 MP: 0/0
  9614 | D:9      | Learned a level 4 spell: Flame Wave
  9619 | D:9      | 9619 ||| INVOKING Heroism.
  9622 | D:9      | Something stole 505 gold
  9626 | D:9      | Killed Maurice
  9627 | D:9      | Reached skill level 9 in Dodging
  9636 | D:9      | 9636 ||| FLEEEEING.
  9637 | D:9      | 9637 ||| FLEEEEING.
  9638 | D:9      | 9638 ||| FLEEEEING.
  9639 | D:9      | 9639 ||| FLEEEEING.
  9640 | D:9      | 9640 ||| FLEEEEING.
  9641 | D:9      | 9641 ||| FLEEEEING.
  9642 | D:9      | 9642 ||| FLEEEEING.
  9643 | D:9      | 9643 ||| FLEEEEING.
  9646 | D:9      | 9646 ||| FLEEEEING.
  9647 | D:9      | 9647 ||| FLEEEEING.
  9648 | D:9      | 9648 ||| FLEEEEING.
  9649 | D:9      | 9649 ||| FLEEEEING.
  9650 | D:9      | 9650 ||| FLEEEEING.
  9651 | D:9      | 9651 ||| FLEEEEING.
  9652 | D:9      | 9652 ||| FLEEEEING.
  9653 | D:9      | 9653 ||| FLEEEEING.
  9654 | D:9      | 9654 ||| FLEEEEING.
  9655 | D:9      | 9655 ||| FLEEEEING.
  9656 | D:9      | 9656 ||| FLEEEEING.
  9657 | D:9      | 9657 ||| FLEEEEING.
  9658 | D:9      | 9658 ||| FLEEEEING.
  9659 | D:9      | 9659 ||| FLEEEEING.
  9660 | D:9      | 9660 ||| FLEEEEING.
  9661 | D:9      | 9661 ||| FLEEEEING.
  9662 | D:9      | 9662 ||| FLEEEEING.
  9663 | D:9      | 9663 ||| FLEEEEING.
  9664 | D:9      | 9664 ||| FLEEEEING.
  9665 | D:9      | 9665 ||| FLEEEEING.
  9666 | D:9      | 9666 ||| FLEEEEING.
  9667 | D:9      | 9667 ||| FLEEEEING.
  9668 | D:9      | 9668 ||| FLEEEEING.
  9669 | D:9      | 9669 ||| FLEEEEING.
  9670 | D:9      | 9670 ||| FLEEEEING.
  9671 | D:9      | 9671 ||| FLEEEEING.
  9672 | D:9      | 9672 ||| FLEEEEING.
  9673 | D:9      | 9673 ||| FLEEEEING.
  9674 | D:9      | 9674 ||| FLEEEEING.
  9675 | D:9      | 9675 ||| FLEEEEING.
  9676 | D:9      | 9676 ||| FLEEEEING.
  9677 | D:9      | 9677 ||| FLEEEEING.
  9678 | D:9      | 9678 ||| FLEEEEING.
  9679 | D:9      | 9679 ||| FLEEEEING.
  9680 | D:9      | 9680 ||| FLEEEEING.
  9681 | D:9      | 9681 ||| STAIRDANCE
  9740 | D:8      | 9740 ||| READING scroll labelled EZXIRI KOLUZO.
  9841 | D:9      | Found Uhosoh's Jewellery Shop.
  9850 | D:9      | 9850 ||| SHOPLISTING +6 ring of strength (576 gold, have
                  | 534).
  9850 | D:9      | 9850 ||| SHOPLISTING ring of Serendipity {rF+ rN+} (544
                  | gold, have 534).
  9850 | D:9      | 9850 ||| BUYING ring of protection from cold (400 gold).
  9850 | D:9      | Bought a ring of protection from cold for 400 gold pieces
  9850 | D:9      | 9850 ||| SHOPLISTING ring of resist corrosion (320 gold,
                  | have 134).
  9850 | D:9      | 9850 ||| SHOPLISTING ring of willpower (400 gold, have
                  | 134).
  9970 | D:9      | Noticed Jeremiah
  9973 | D:9      | Killed Jeremiah
  9974 | D:9      | 9974 ||| FLEEEEING.
  9975 | D:9      | 9975 ||| FLEEEEING.
  9976 | D:9      | 9976 ||| FLEEEEING.
  9977 | D:9      | 9977 ||| FLEEEEING.
  9978 | D:9      | 9978 ||| FLEEEEING.
  9979 | D:9      | 9979 ||| FLEEEEING.
  9980 | D:9      | 9980 ||| FLEEEEING.
  9981 | D:9      | 9981 ||| FLEEEEING.
  9982 | D:9      | 9982 ||| FLEEEEING.
  9983 | D:9      | 9983 ||| FLEEEEING.
  9984 | D:9      | 9984 ||| FLEEEEING.
  9985 | D:9      | 9985 ||| FLEEEEING.
  9986 | D:9      | 9986 ||| FLEEEEING.
  9987 | D:9      | 9987 ||| FLEEEEING.
  9988 | D:9      | 9988 ||| FLEEEEING.
  9989 | D:9      | 9989 ||| FLEEEEING.
  9990 | D:9      | 9990 ||| FLEEEEING.
  9991 | D:9      | 9991 ||| FLEEEEING.
  9992 | D:9      | 9992 ||| FLEEEEING.
 10072 | D:9      | 10072 ||| FLEEEEING.
 10073 | D:9      | 10073 ||| FLEEEEING.
 10074 | D:9      | 10074 ||| FLEEEEING.
 10075 | D:9      | 10075 ||| FLEEEEING.
 10094 | D:9      | 10094 ||| FLEEEEING.
 10222 | D:9      | 10222 ||| UPGRADING to +0 cloak.
 10227 | D:9      | 10227 ||| UPGRADING to ring of protection from cold.
 10228 | D:9      | 10228 ||| UPGRADING to ring of willpower.
 10230 | D:9      | 10230 ||| DRINKING 2 metallic yellow potions.
 10230 | D:9      | Gained mutation: Armour fits poorly on your strangely
                  | shaped body. [potion of mutation]
 10230 | D:9      | Gained mutation: Your flesh is almost immune to the effects
                  | of heat. (rF+++) [potion of mutation]
 10230 | D:9      | Gained mutation: You are agile. (Dex +4, Str/Int -1)
                  | [potion of mutation]
 10239 | D:10     | Entered Level 10 of the Dungeon
 10295 | D:10     | Noticed a two-headed ogre
 10296 | D:10     | 10296 ||| INVOKING Heroism.
 10298 | D:10     | Killed a two-headed ogre
 10298 | D:10     | Reached *** piety under Okawaru
 10360 | D:10     | HP: 16/81 [yak (7)]
 10361 | D:10     | 10361 ||| READING scroll of teleportation.
 10362 | D:10     | 10362 ||| DRINKING potion of heal wounds.
 10842 | D:10     | 10842 ||| RETREEEEATING.
 10845 | D:10     | 10845 ||| RETREEEEATING.
 10848 | D:10     | 10848 ||| RETREEEEATING.
 10850 | D:10     | 10850 ||| RETREEEEATING.
 10852 | D:10     | 10852 ||| RETREEEEATING.
 10853 | D:10     | 10853 ||| RETREEEEATING.
 10854 | D:10     | 10854 ||| RETREEEEATING.
 10855 | D:10     | 10855 ||| RETREEEEATING.
 10856 | D:10     | 10856 ||| RETREEEEATING.
 10857 | D:10     | 10857 ||| RETREEEEATING.
 10858 | D:10     | 10858 ||| RETREEEEATING.
 10860 | D:10     | 10860 ||| RETREEEEATING.
 11062 | D:10     | Found a burning altar of Makhleb.
 11064 | D:10     | Noticed a balrug
 11642 | D:10     | 11642 ||| READING scroll of identify.
 11642 | D:10     | 11642 ||| IDENTIFYING sedimented coppery potion
 11643 | D:10     | 11643 ||| READING scroll labelled KIMUKIACZO.
 11822 | D:11     | Found a staircase to the Lair.
 11825 | D:11     | Identified the +3 hand axe "Jebbamp" {elec, rElec rF+}
 11849 | D:11     | Noticed a purple ugly thing
 11850 | D:11     | 11850 ||| INVOKING Heroism.
 11859 | D:11     | 11859 ||| INVOKING Heroism.
 11861 | D:11     | Killed a purple ugly thing
 11884 | D:11     | Noticed a manticore
 11885 | D:11     | Killed a manticore
 11936 | D:11     | Found Koof's Jewellery Boutique.
 11939 | D:11     | 11939 ||| SHOPLISTING +4 ring of slaying (780 gold, have
                  | 186).
 11939 | D:11     | 11939 ||| SHOPLISTING +6 ring of dexterity (360 gold, have
                  | 186).
 11939 | D:11     | 11939 ||| SHOPLISTING ring of Idealism {rF+ SInv} (290
                  | gold, have 186).
 11939 | D:11     | 11939 ||| SHOPLISTING ring of fire (250 gold, have 186).
 11939 | D:11     | 11939 ||| SHOPLISTING ring of positive energy (200 gold,
                  | have 186).
 12069 | D:11     | Reached **** piety under Okawaru
 12167 | D:11     | Identified the +6 long sword "Ifoitaaph" {drain, rF- rC+
                  | Dex+5}
 12374 | D:11     | 12374 ||| PLANNING LAIR
 12396 | Lair:1   | Entered Level 1 of the Lair of Beasts
 12424 | Lair:1   | Noticed a catoblepas
 12425 | Lair:1   | 12425 ||| INVOKING Finesse.
 12428 | Lair:1   | 12428 ||| Stepping ~*~*~tactically~*~*~ (cloud).
 12432 | Lair:1   | 12432 ||| Stepping ~*~*~tactically~*~*~ (cloud).
 12435 | Lair:1   | 12435 ||| Stepping ~*~*~tactically~*~*~ (cloud).
 12437 | Lair:1   | Killed a catoblepas
 12438 | Lair:1   | Reached skill level 9 in Fighting
 12438 | Lair:1   | Reached XP level 12. HP: 77/89 MP: 0/0
 12582 | Lair:1   | 12582 ||| FLEEEEING.
 12583 | Lair:1   | 12583 ||| FLEEEEING.
 12585 | Lair:1   | 12585 ||| FLEEEEING.
 12588 | Lair:1   | 12588 ||| FLEEEEING.
 12589 | Lair:1   | 12589 ||| FLEEEEING.
 12590 | Lair:1   | 12590 ||| FLEEEEING.
 12592 | Lair:1   | 12592 ||| FLEEEEING.
 12593 | Lair:1   | 12593 ||| FLEEEEING.
 12646 | Lair:1   | 12646 ||| FLEEEEING.
 12712 | Lair:1   | 12712 ||| RETREEEEATING.
 12715 | Lair:1   | 12715 ||| RETREEEEATING.
 12716 | Lair:1   | 12716 ||| RETREEEEATING.
 12718 | Lair:1   | Reached ***** piety under Okawaru
 12719 | Lair:1   | 12719 ||| INVOKING Finesse.
 12723 | Lair:1   | HP: 10/89 [rime drake/icy flash freeze (19)]
 12724 | Lair:1   | 12724 ||| READING 2 scrolls of teleportation.
 12730 | Lair:1   | 12730 ||| READING scroll of teleportation.
 12921 | Lair:1   | Reached skill level 6 in Invocations
 13060 | Lair:1   | 13060 ||| READING scroll of identify.
 13060 | Lair:1   | 13060 ||| IDENTIFYING glowing inky potion
 13383 | Lair:1   | Found a sparkling altar of Nemelex Xobeh.
 13416 | Lair:1   | 13416 ||| INVOKING Finesse.
 13690 | Lair:1   | 13690 ||| DROPPING potion of berserk rage.
 13734 | Lair:2   | 13734 ||| RETREEEEATING.
 13808 | Lair:2   | Received a gift from Okawaru
 13965 | Lair:2   | Noticed an eight-headed hydra
 13966 | Lair:2   | 13966 ||| INVOKING Finesse.
 13968 | Lair:2   | Killed an eight-headed hydra
 13997 | Lair:2   | Reached XP level 13. HP: 94/94 MP: 0/0
 13997 | Lair:2   | Learned a level 5 spell: Irradiate
 14002 | Lair:2   | Received a gift from Okawaru
 14350 | Lair:2   | 14350 ||| READING scroll of enchant weapon.
 14350 | Lair:2   | 14350 ||| ENCHANTING +5 heavy arbalest.
 14672 | Lair:2   | 14672 ||| UPGRADING to amulet of faith.
 14682 | Lair:2   | 14682 ||| DROPPING amulet of regeneration.
 14683 | Lair:2   | 14683 ||| UPGRADING to ring of see invisible.
 14685 | Lair:2   | 14685 ||| READING 2 scrolls labelled BOMMUNWUETE.
 14685 | Lair:2   | 14685 ||| ENCHANTING +0 pair of gloves.
 14686 | Lair:2   | 14686 ||| READING scroll of enchant armour.
 14686 | Lair:2   | 14686 ||| ENCHANTING +1 pair of gloves.
 14721 | Lair:3   | Reached skill level 12 in Ranged Weapons
 14796 | Lair:3   | Found a transporter.
 14822 | Lair:3   | Found a hole to the Spider Nest.
 14834 | Lair:3   | Reached skill level 3 in Armour
 14886 | Lair:3   | Found a transporter.
 15154 | Lair:3   | Reached skill level 9 in Invocations
 15543 | Lair:3   | Noticed a seven-headed hydra
 15544 | Lair:3   | 15544 ||| FLEEEEING.
 15545 | Lair:3   | 15545 ||| FLEEEEING.
 15546 | Lair:3   | 15546 ||| FLEEEEING.
 15547 | Lair:3   | 15547 ||| FLEEEEING.
 15549 | Lair:3   | 15549 ||| FLEEEEING.
 15551 | Lair:3   | 15551 ||| FLEEEEING.
 15552 | Lair:3   | 15552 ||| FLEEEEING.
 15553 | Lair:3   | 15553 ||| FLEEEEING.
 15554 | Lair:3   | 15554 ||| FLEEEEING.
 15555 | Lair:3   | 15555 ||| FLEEEEING.
 15556 | Lair:3   | 15556 ||| FLEEEEING.
 15557 | Lair:3   | 15557 ||| FLEEEEING.
 15558 | Lair:3   | 15558 ||| FLEEEEING.
 15559 | Lair:3   | 15559 ||| FLEEEEING.
 15560 | Lair:3   | 15560 ||| FLEEEEING.
 15561 | Lair:3   | 15561 ||| FLEEEEING.
 15562 | Lair:3   | 15562 ||| FLEEEEING.
 15563 | Lair:3   | 15563 ||| FLEEEEING.
 15564 | Lair:3   | 15564 ||| FLEEEEING.
 15565 | Lair:3   | 15565 ||| FLEEEEING.
 15566 | Lair:3   | 15566 ||| FLEEEEING.
 15567 | Lair:3   | 15567 ||| FLEEEEING.
 15568 | Lair:3   | 15568 ||| FLEEEEING.
 15569 | Lair:3   | 15569 ||| FLEEEEING.
 15570 | Lair:3   | 15570 ||| FLEEEEING.
 15571 | Lair:3   | 15571 ||| FLEEEEING.
 15572 | Lair:3   | 15572 ||| FLEEEEING.
 15573 | Lair:3   | 15573 ||| FLEEEEING.
 15574 | Lair:3   | 15574 ||| INVOKING Finesse.
 15577 | Lair:3   | HP: 17/94 [seven-headed hydra (7)]
 15578 | Lair:3   | Killed a seven-headed hydra
 15963 | Lair:3   | 15963 ||| RETREEEEATING.
 15965 | Lair:3   | 15965 ||| RETREEEEATING.
 15966 | Lair:3   | 15966 ||| RETREEEEATING.
 15967 | Lair:3   | 15967 ||| RETREEEEATING.
 15968 | Lair:3   | 15968 ||| RETREEEEATING.
 15971 | Lair:3   | Received a gift from Okawaru
 15975 | Lair:3   | Reached skill level 12 in Dodging
 16066 | Lair:3   | Noticed a six-headed hydra
 16067 | Lair:3   | 16067 ||| INVOKING Finesse.
 16071 | Lair:3   | Killed a six-headed hydra
 16185 | Lair:3   | Found a staircase to the Swamp.
 16416 | Lair:4   | 16416 ||| RETREEEEATING.
 16419 | Lair:4   | 16419 ||| RETREEEEATING.
 16420 | Lair:4   | 16420 ||| RETREEEEATING.
 16421 | Lair:4   | 16421 ||| RETREEEEATING.
 16422 | Lair:4   | 16422 ||| RETREEEEATING.
 16423 | Lair:4   | 16423 ||| RETREEEEATING.
 16424 | Lair:4   | 16424 ||| RETREEEEATING.
 16425 | Lair:4   | 16425 ||| RETREEEEATING.
 16425 | Lair:4   | HP: 14/96 [hell rat (11)]
 16426 | Lair:4   | 16426 ||| RETREEEEATING.
 16431 | Lair:4   | Slain by a hell rat

Levels and vault maps discovered:
D:1:      dpeg_arrival_three_same_balls, layout_basic
D:2:      layout_loops_ring, serial_glass, glass_columns_b, glass_columns_b,
          grunt_ministairs_12
D:3:      layout_loops_ring, mainiacjoe_overflow_six_doors_small,
          serial_bayou_pond_d, columned_hall_lemuel, kennysheep_small_spiral,
          grunt_ministairs_13, chequers_serial_rivers_small_a, uniq_terence
D:4:      layout_basic
D:5:      layout_loops_ring, regret_index_xom_of_box, portal_sewer_entry_e
D:6:      layout_gridville, cheibriados_altar_1,
          nicolae_dithmenos_through_a_glass_darkly,
          mainiacjoe_overflow_large_starburst, minmay_temple_entry_hall,
          nicolae_ossuary_entry_monument, grunt_ministairs_5, uniq_blork_the_orc
D:7:      layout_basic, nicolae_overflow_hidden_temple,
          gammafunk_temple_overflow_wave, enter_bailey_8, minmay_misc_feat_roman
D:8:      layout_basic, nicolae_qazlal_scattered_showers,
          nicolae_concentric_dashed_squares_wild
D:9:      layout_small_grid, gammafunk_temple_of_torment, lemuel_crystal_altar,
          serial_shops, nicolae_shop_gibbet_a_chance, uniq_maurice,
          uniq_jeremiah
D:10:     layout_grid_maze, makhleb_altar_promises_db
D:11:     layout_small_grid, david_lair_shrubbed, serial_shops,
          nicolae_shop_real_fake_doors
Temple:   nicolae_temple_bog_church
Lair:1:   layout_loops_ring, basic_altar, serial_bayou_lagoon_a,
          grunt_megastairs_2
Lair:2:   layout_small_grid, infiniplex_staircase_pool_2, serial_bayou_shore_a
Lair:3:   gammafunk_cloud_chamber, layout_layer_cave, palyth_hydra_swamp_entry,
          spider_nest_entry_rubble, minmay_stone_trees_small,
          serial_bayou_lake_a
Lair:4:   layout_roguey, slime_entry_1, forest_entry_grove, uniq_snorg

Skill      XL: |  1  2  3  4  5  6  7  8  9 10 11 12 13 |
---------------+----------------------------------------+-----
Ranged Weapons | 4 5 6 7 9 11 12 | 12.0
Armour         | 1 2 3 |  3.0
Fighting       | 3 4 5 6 7 9 |  9.9
Dodging        | 3 5 6 8 10 11 12 | 12.0
Invocations    | 4 8 10 | 10.0
Stealth        | |  0.7

Action                     |  1- 3 |  4- 6 |  7- 9 | 10-12 | 13-15 || total
---------------------------+-------+-------+-------+-------+-------++-------
   Fire: Shortbow          |    58 |   180 |   592 |       |       ||   830
         Orcbow            |       |       |       |   160 |       ||   160
         Arbalest          |       |       |       |   253 |   124 ||   377
 Invoke: Heroism           |       |       |       |     4 |       ||     4
         Finesse           |       |       |       |     4 |     2 ||     6
    Use: Scroll            |     3 |     5 |     7 |    14 |     3 ||    32
         Potion            |       |       |     4 |     3 |       ||     7
 Armour: Leather armour    |     4 |       |       |       |       ||     4
         Skin              |     3 |       |       |       |       ||     3
         Ring mail         |     3 |    64 |   137 |       |       ||   204
         Robe              |       |       |   177 |   161 |    51 ||   389
  Dodge: Dodged            |    16 |    74 |   345 |   314 |   163 ||   912
  Block: Other             |       |       |       |    54 |     4 ||    58
         Reflection        |       |       |       |     2 |       ||     2

Table legend:
 A = Non-vault XP
 B = Vault XP
 C = Vault XP percentage of total XP
 D = Non-vault monster count
 E = Vault monster count
 F = Vault count percentage of total count
                 A         B        C        D         E       F
            +---------+---------+-------+---------+---------+-------
      Total |   30630 |    8100 |  20.9 |     286 |      64 |  18.3
            +---------+---------+-------+---------+---------+-------
        D:1 |      32 |       0 |   0.0 |      17 |       0 |   0.0
        D:2 |     121 |       4 |   3.2 |      25 |       3 |  10.7
        D:3 |     164 |      33 |  16.8 |      20 |       2 |   9.1
        D:4 |     254 |       0 |   0.0 |      24 |       0 |   0.0
        D:5 |     661 |     359 |  35.2 |      14 |      10 |  41.7
        D:6 |     721 |     201 |  21.8 |      12 |       3 |  20.0
        D:7 |    1850 |       0 |   0.0 |      29 |       0 |   0.0
        D:8 |    1159 |       0 |   0.0 |      14 |       0 |   0.0
        D:9 |    2195 |     894 |  28.9 |      33 |       2 |   5.7
       D:10 |    3186 |       0 |   0.0 |      15 |       0 |   0.0
       D:11 |    1942 |     338 |  14.8 |       5 |       1 |  16.7
     Lair:1 |    5272 |    2520 |  32.3 |      19 |      11 |  36.7
     Lair:2 |    5454 |       0 |   0.0 |      25 |       0 |   0.0
     Lair:3 |    6081 |    2978 |  32.9 |      26 |       8 |  23.5
     Lair:4 |    1538 |       0 |   0.0 |       8 |       0 |   0.0
    Ossuary |       0 |     773 | 100.0 |       0 |      24 | 100.0
            +---------+---------+-------+---------+---------+-------
